 Dungeon Crawl Stone Soup version 0.17.1-3-g152610e (webtiles) character file.

155 GFox the Ducker (level 5, 0/79 HPs)
             Began as a Troll Berserker on Mar 21, 2016.
             Was a Believer of Trog.
             Slain by a worker ant (7 damage)
             ... on level 4 of the Dungeon on Mar 22, 2016.
             The game lasted 00:26:31 (3307 turns).

GFox the Ducker (Troll Berserker)                   Turns: 3307, Time: 00:26:31

Health: 0/79       AC:  5    Str: 31    XL:     5   Next: 14%
Magic:  4/4        EV: 10    Int:  3    God:    Trog [**....]
Gold:   164        SH:  0    Dex:  9    Spells: 0 memorised, 4 levels left

rFire  . . .     SeeInvis .     p - +4 dagger
rCold  . . .     Clarity  .     b - +0 animal skin
rNeg   . . .     SustAt   .     (no shield)
rPois  .         Gourm    +     (helmet restricted)
rElec  .         Spirit   .     (no cloak)
rCorr  .         Warding  .     (gloves unavailable)
rMut   .         Stasis   .     (boots unavailable)
MR     ++...                    (no amulet)
Stlth  ..........               (no ring)
                                (no ring)

@: berserking, lethally poisoned (0 -> 0), regenerating, very quick, very
resistant to hostile enchantments, extremely unstealthy
A: unfitting armour, claws 3, fast metabolism 3, gourmand, regeneration 2,
shaggy fur 1, tough skin 2
a: Berserk, Trog's Hand, Burn Spellbooks, Renounce Religion


You were on level 4 of the Dungeon.
You worshipped Trog.
Trog was pleased with you.
You were not hungry.

You visited 1 branch of the dungeon, and saw 4 of its levels.

You collected 164 gold pieces.

Inventory:

Hand Weapons
 a - a +0 mace
 p - a +4 dagger (weapon)
Armour
 b - a +0 animal skin (worn)
Scrolls
 e - a scroll of blinking {unknown}
 f - a scroll of fear
 g - 4 scrolls of identify
 k - 2 scrolls of remove curse {unknown}
 m - a scroll of recharging {unknown}
 n - a scroll of magic mapping
Potions
 d - a potion of might
Comestibles
 c - 4 bread rations
 h - 3 beef jerkies
 i - 2 meat rations
 l - 3 fruits


   Skills:
 + Level 3.0 Fighting
 + Level 0.7 Short Blades
 + Level 3.2 Maces & Flails
 + Level 3.9 Dodging
 + Level 0.3 Stealth


You had 4 spell levels left.
You didn't know any spells.

Dungeon Overview and Level Annotations

Branches:
Dungeon (4/15)
 Temple: D:4-7

Altars:
Elyvilon
Fedhas
Nemelex Xobeh
Qazlal
Ru
Trog
Zin
The Shining One

Annotations:
D:4 Menkaure


Innate Abilities, Weirdness & Mutations

You are too large for most types of armour.
You have claws for hands.
Your metabolism is lightning-fast.
You like to eat raw meat.
You heal very quickly.
You are covered in fur (AC +1).
You have very tough skin (AC +2).


Message History

Menkaure calls on the powers of darkness!
Your body is wracked with pain!
* * * LOW HITPOINT WARNING * * *
The worker ant convulses!
Drink which item? (? for menu, Esc to quit)
Okay, then.
Your skin crawls.
You feel resistant to hostile enchantments.
You feel slightly less full.
Menkaure calls on the powers of darkness!
The worker ant convulses!
Your body is wracked with pain!
* * * LOW HITPOINT WARNING * * *
The worker ant bites you.
* * * LOW HITPOINT WARNING * * *
You are more poisoned.
The worker ant poisons you! Menkaure closely misses you.
A red film seems to cover your vision as you go berserk!
You feel yourself moving faster!
You feel mighty!
You feel sick. The worker ant bites you!
You die...

..%. ... .# #... .# #...
.# ##"..# ##. ##...).##
#.. #.....aM# #.# ###
#......@##### #.###.####
.........?..# #....#...#
##.....####.###...###..#
##...#####....#.#.#....
###........#.#.##.##.#
#.#####....#.#####.# #
#.#.##.......#
...#.########## #####.#


You could see Menkaure and a worker ant.

Vanquished Creatures
  A centaur skeleton (D:4)
  8 adders
  2 worms
  2 giant geckos (D:1)
  2 orcs (D:3)
  7 bats
  4 giant cockroaches (D:2)
  6 hobgoblins
  3 jackals (D:3)
  A quokka (D:3)
  A ball python (D:1)
  3 goblins
  4 kobolds
  10 rats
54 creatures vanquished.

Notes
Turn   | Place    | Note
--------------------------------------------------------------
     0 | D:1      | GFox the Troll Berserker began the quest for the Orb.
     0 | D:1      | Reached XP level 1. HP: 22/22 MP: 0/0
   474 | D:1      | Found a glowing golden altar of the Shining One.
   574 | D:1      | Reached XP level 2. HP: 27/29 MP: 1/1
  1186 | D:2      | Reached skill level 3 in Maces & Flails
  1186 | D:2      | Reached XP level 3. HP: 27/36 MP: 2/2
  1461 | D:2      | Reached ** piety under Trog
  1482 | D:2      | Found a glowing silver altar of Zin.
  1486 | D:2      | Found a sparkling altar of Nemelex Xobeh.
  2186 | D:3      | Reached XP level 4. HP: 44/44 MP: 3/3
  2736 | D:3      | Found a stormy altar of Qazlal.
  2740 | D:3      | Found a sacrificial altar of Ru.
  2740 | D:3      | Found a blossoming altar of Fedhas.
  2768 | D:3      | Found a bloodstained altar of Trog.
  2768 | D:3      | Found a white marble altar of Elyvilon.
  3265 | D:4      | Reached XP level 5. HP: 50/53 MP: 4/4
  3300 | D:4      | Noticed Menkaure
  3307 | D:4      | Slain by a worker ant

Action                   |  1- 3 |  4- 6 || total
-------------------------+-------+-------++-------
Melee: Mace              |    71 |       ||    71
       Dagger            |    68 |    96 ||   164
Invok: Berserk           |       |     1 ||     1
       Trog's Hand       |       |     1 ||     1
  Use: Scroll            |     7 |       ||     7
       Potion            |     3 |       ||     3
 Stab: Sleeping          |     2 |       ||     2
  Eat: Chunk             |    24 |     8 ||    32
